 Dungeon Crawl Stone Soup version 0.20.1-1-g8b1a95d (webtiles) character file.

4716 Rozenbaumfricks the Protected (level 10, -6/79 HPs)
             Began as a Demonspawn Fighter on Oct 14, 2017.
             Killed by the air
             ... invoked by Gastronok
              (23 damage)
             ... on level 1 of the Lair of Beasts on Oct 15, 2017.
             The game lasted 00:33:26 (11224 turns).

Rozenbaumfricks the Protected (Demonspawn Fighter) Turns: 11224, Time: 00:33:26

Health: -6/79      AC: 10    Str: 20    XL:     10   Next: 22%
Magic:  10/10      EV: 11    Int: 10    God:
Gold:   305        SH: 11    Dex: 14    Spells: 9/9 levels left

rFire    . . .     SeeInvis .   y - +4 long sword
rCold    . . .     Gourm    .   c - +0 shield
rNeg     . . .     Faith    .   b - +0 scale mail
rPois    .         Spirit   .   x - +1 hat
rElec    .         Reflect  .   (no cloak)
rCorr    .         Harm     .   z - +0 pair of gloves
MR       .....                  (boots unavailable)
Stlth    ..........             (no amulet)
Regen    0.3/turn               (no ring)
MPRegen  0.2/turn               (no ring)

@: no status effects
A: hooves 3, thin skeletal structure 1, demonic guardian 1
a: no special abilities


You were on level 1 of the Lair of Beasts.
You were hungry.

You visited 3 branches of the dungeon, and saw 11 of its levels.

You collected 333 gold pieces.
You spent 28 gold pieces at shops.

Inventory:

Hand Weapons
 y - a +4 long sword (weapon)
Missiles
 s - 15 tomahawks (quivered)
Armour
 b - a +0 scale mail (worn)
 c - a +0 shield (worn)
 x - a +1 hat (worn)
 z - a +0 pair of gloves (worn)
Wands
 d - a wand of enslavement (19/24)
 B - a wand of lightning (7/15)
 F - a wand of scattershot (3/9)
Scrolls
 e - 3 scrolls of teleportation
 g - 2 scrolls of enchant weapon
 j - 2 scrolls of recharging
 l - a scroll of magic mapping
 n - a scroll of immolation
 t - a scroll of fog {unknown}
 u - 2 scrolls of fear
Potions
 a - a potion of cancellation {unknown}
 h - a potion of mutation
 i - 2 potions of magic
 m - 2 potions of flight
 p - a potion of brilliance {unknown}
 q - 4 potions of curing {unknown}
 r - a potion of agility
 v - a potion of degeneration {unknown}
 A - a potion of might
 C - a potion of haste {unknown}
Books
 o - a book of Ice

   Spells                             Type                      Level
   a - Ice Form                       Ice/Transmutation            4
   b - Metabolic Englaciation         Hexes/Ice                    5
   c - Ozocubu's Refrigeration        Ice                          6
   d - Bolt of Cold                   Conjuration/Ice              6
   e - Freezing Cloud                 Conjuration/Ice/Air          6
   f - Simulacrum                     Ice/Necromancy               6
 D - a book of Debilitation

   Spells                             Type                      Level
   a - Corona                         Hexes                        1
   b - Slow                           Hexes                        2
   c - Inner Flame                    Hexes/Fire                   3
   d - Portal Projectile              Hexes/Translocation          3
   e - Cause Fear                     Hexes                        4
   f - Leda's Liquefaction            Hexes/Earth                  4
Comestibles
 f - 9 bread rations
 k - a royal jelly
 w - 4 meat rations


   Skills:
 + Level 7.4 Fighting
 - Level 3.3 Long Blades
 - Level 1.0 Throwing
 + Level 8.6 Armour
 + Level 4.9 Dodging
 + Level 7.5 Shields
 - Level 0.4 Evocations


You had 9 spell levels left.
You didn't know any spells.

Dungeon Overview and Level Annotations

Branches:
Dungeon (8/15)             Temple (1/1) D:5            Lair (2/6) D:8
  Swamp: Lair:2-4    Shoals: Lair:2-4     Snake: Lair:2-4    Spider: Lair:2-4

Altars:
Ashenzari
Cheibriados
Dithmenos
Elyvilon
Fedhas
Gozag
Hepliaklqana
Kikubaaqudgha
Makhleb
Nemelex Xobeh
Okawaru
Qazlal
Ru
Sif Muna
Trog
Uskayaw
Vehumet
Xom
Yredelemnul
Zin
The Shining One

Shops:
D:4 *   D:8 (

Annotations:
Lair:1 Gastronok


Innate Abilities, Weirdness & Mutations

You have hooves in place of feet.
You have a somewhat thin skeletal structure. (Dex +2, Stealth)
A weak demonic guardian rushes to your aid.


Message History

The yak is almost dead.
The bat closely misses your quasit.
The bat hits your ufetubus but does no damage.
The yak barely misses you.
Your iron imp closely misses the yak.
The rat barely misses your ufetubus.
Gastronok waves his eye-stalks in wide circles.
The air twists around and strikes you!
* * * LOW HITPOINT WARNING * * *
The yak gores you but does no damage.
You hit the yak.
You kill the yak!
The bat barely misses your quasit.
Your ufetubus hits Gastronok but does no damage.
Your ufetubus hits Gastronok.
Your quasit bites the bat.
Your quasit misses the bat.
Your quasit claws the bat but does no damage.
The rat misses your ufetubus.
Your ufetubus hits Gastronok. x2
Gastronok waves his eye-stalks in wide circles.
The air twists around and strikes you!
You die...

...,,,,,,.......### #..........
,>,,,,,,........# #..........
*****,*####.....# #...#...... *
*** #.....# #.......... * ****
#.....# #...#......
*****,.####.....# #..........
,,,,,,..........# ###...#.P#P+#
,,,,,,.........5#####.#..........
,,,,,,..........@.5r.............
,,,,,,.####..#P###5w.............
****,,,* ###### ##b.............
,,,*,,,* #.............. ,,,,,,,*
#........>..... ,,,*,,,*
#....#######P## ,,,+,,,* #....##
*## *,**,,,* #.....# ,,,,,,,*
#....##


You could see Gastronok, a bat, a rat, a friendly iron imp, a friendly quasit
and a friendly ufetubus.

Vanquished Creatures
  A komodo dragon (Lair:1)
  A hippogriff (D:8)
  3 yaks (Lair:1)
  A hungry ghost (D:8)
  A porcupine (Lair:1)
  A hornet zombie (D:6)
  A sky beast (D:6)
  4 ogres
  2 phantoms
  3 centaurs
  3 wolves
  6 bullfrogs
  5 wights
  A howler monkey (D:8)
  A bullfrog zombie (D:7)
  2 crimson imps
  4 orc wizards
  3 orc priests
  3 iguanas
  Ijyb (D:3)
  6 worker ants
  11 gnolls
  13 adders
  4 oozes
  An adder zombie (D:7)
  An adder skeleton (D:7)
  2 worms
  3 dart slugs
  5 leopard geckos
  20 orcs
  2 ball pythons
  3 giant cockroaches
  6 goblins
  7 hobgoblins
  7 jackals (D:4)
  8 kobolds
  4 quokkas
  11 bats
  3 frilled lizards
  3 quokka skeletons
  A quokka zombie (D:6)
  9 rats
177 creatures vanquished.

Vanquished Creatures (collateral kills)
  An elephant (D:8)
  A basilisk (D:8)
  2 yaks
  A water moccasin (D:4)
  2 ogres
  A wolf (Lair:1)
  A phantom (D:3)
  A crocodile (D:8)
  2 bullfrogs (D:6)
  A scorpion (D:5)
  3 wights (D:4)
  A crimson imp (D:5)
  An orc wizard (D:7)
  6 orcs
  A frilled lizard (D:2)
25 creatures vanquished.

Vanquished Creatures (others)
  A worker ant (D:7)
  2 fungi (Lair:1)
  2 plants (Lair:1)
5 creatures vanquished.

Grand Total: 207 creatures vanquished

Notes
Turn   | Place    | Note
-------+----------+-------------------------------------------
     0 | D:1      | Rozenbaumfricks the Demonspawn Fighter began the quest for the Orb.
     0 | D:1      | Reached XP level 1. HP: 18/18 MP: 1/1
   336 | D:1      | Gained mutation: A weak demonic guardian rushes to your aid. [demonic ancestry]
   336 | D:1      | Reached XP level 2. HP: 24/24 MP: 2/2
   540 | D:1      | You fall through a shaft!
   553 | D:2      | Reached XP level 3. HP: 29/29 MP: 3/3
   556 | D:2      | Reached skill level 3 in Armour
  1042 | D:2      | Reached XP level 4. HP: 32/35 MP: 4/4
  1255 | D:2      | Found a radiant altar of Vehumet.
  1416 | D:2      | Reached XP level 5. HP: 18/41 MP: 5/5
  2068 | D:3      | Found a sparkling altar of Nemelex Xobeh.
  2084 | D:3      | Noticed a phantom
  2105 | D:3      | Killed a phantom
  2105 | D:3      | Reached skill level 1 in Dodging
  2332 | D:3      | Found a sacrificial altar of Ru.
  2332 | D:3      | Found a shimmering altar of Xom.
  2733 | D:3      | Noticed Ijyb
  2748 | D:3      | Killed Ijyb
  2960 | D:3      | Gained mutation: You have large cloven feet. [demonic ancestry]
  2960 | D:3      | Reached XP level 6. HP: 43/48 MP: 6/6
  3377 | D:4      | Reached skill level 4 in Armour
  3387 | D:4      | HP: 1/48 [wight/enchanted trident (4)]
  3417 | D:5      | Entered Level 5 of the Dungeon
  3881 | D:4      | Gained mutation: You have hoof-like feet. [demonic ancestry]
  3881 | D:4      | Reached XP level 7. HP: 30/55 MP: 7/7
  4648 | D:4      | Found a hazy altar of Hepliaklqana.
  5080 | D:4      | Found Nogh's Assorted Antiques.
  5088 | D:4      | Bought a purple potion for 28 gold pieces
  5186 | D:5      | Reached skill level 5 in Armour
  5186 | D:5      | Reached skill level 5 in Shields
  5484 | D:5      | Found a staircase to the Ecumenical Temple.
  5502 | Temple   | Entered the Ecumenical Temple
  5837 | D:5      | Reached skill level 5 in Fighting
  5837 | D:5      | Gained mutation: You have hooves in place of feet. [demonic ancestry]
  5837 | D:5      | Reached XP level 8. HP: 15/62 MP: 8/8
  6138 | D:5      | Found a burning altar of Makhleb.
  6138 | D:5      | Noticed an Executioner
  6551 | D:6      | Found a basalt altar of Yredelemnul.
  6594 | D:6      | Reached skill level 6 in Armour
  7239 | D:6      | Found a bloodstained altar of Trog.
  7877 | D:7      | Reached XP level 9. HP: 66/69 MP: 9/9
  7923 | D:7      | Reached skill level 7 in Armour
  8705 | D:7      | Found a stormy altar of Qazlal.
  9401 | D:8      | Found Mowkar's Weapon Shop.
  9658 | D:8      | Noticed an elephant
  9659 | D:8      | Found a staircase to the Lair.
  9693 | D:8      | Killed an elephant
  9702 | D:8      | Reached skill level 8 in Armour
  9741 | D:8      | Reached skill level 1 in Throwing
  9974 | Lair:1   | Entered Level 1 of the Lair of Beasts
 10027 | Lair:1   | Noticed a spiny frog
 10363 | Lair:2   | Noticed a komodo dragon
 10622 | Lair:2   | Noticed a komodo dragon
 10728 | Lair:1   | Noticed a komodo dragon
 10754 | Lair:1   | Killed a komodo dragon
 10769 | Lair:1   | Gained mutation: You have a somewhat thin skeletal structure. (Dex +2, Stealth) [demonic ancestry]
 10769 | Lair:1   | Reached XP level 10. HP: 27/79 MP: 10/10
 11160 | Lair:1   | Noticed Gastronok
 11224 | Lair:1   | Killed from afar by Gastronok

Skill      XL: |  1  2  3  4  5  6  7  8  9 |
---------------+----------------------------+-----
Shields        | 3 4 5 6 7 |  7.5
Long Blades    | 2 3 |  3.3
Armour         | 3 4 5 6 8 |  8.6
Dodging        | 1 2 3 4 |  4.9
Fighting       | 4 5 7 |  7.4
Throwing       | 1 |  1.0
Evocations     | |  0.4

Action                   |  1- 3 |  4- 6 |  7- 9 | 10-12 || total
-------------------------+-------+-------+-------+-------++-------
Melee: Long sword        |    66 |   221 |   392 |    33 ||   712
       Kick              |       |    18 |   123 |    17 ||   158
Throw: Tomahawk          |       |       |    11 |       ||    11
Evoke: Wand              |       |       |     7 |       ||     7
  Use: Potion            |     2 |     1 |     3 |       ||     6
       Scroll            |       |     7 |     9 |     3 ||    19
  Eat: Chunk             |       |    10 |    14 |     2 ||    26
       Meat ration       |       |       |     1 |       ||     1
       Fruit             |       |       |     2 |       ||     2
       Royal jelly       |       |       |     1 |       ||     1
Armor: Scale mail        |    29 |    90 |   125 |     9 ||   253
       Skin              |       |       |    30 |       ||    30
Dodge: Dodged            |    28 |    87 |   138 |    12 ||   265
Block: Shield            |    28 |   139 |   215 |    16 ||   398
       Rpst.: Long sword |     6 |    21 |    37 |     5 ||    69
